[Event "Portugal Championship 2024"]
[Site "Fontelo"]
[Date "2024.09.01"]
[Round "2.4"]
[White "Veiga, Jose Francisco R P N"]
[Black "Sousa, Andre Ventura"]
[Result "1-0"]
[ECO "C50"]
[WhiteElo "2404"]
[BlackElo "2403"]
[Annotator "TA"]
[PlyCount "133"]
[EventDate "2024.09.02"]
[EventType "tourn"]
[EventCountry "POR"]
[SourceTitle "playchess.com"]
[Source "ChessBase"]
[SourceQuality "1"]
[TimeControl "5400+30"]

1. e4 e5 2. Nf3 Nc6 3. Bc4 Bc5 4. O-O Nf6 5. d3 d6 6. c3 a5 {[%emt 0:00:03] C54: Giuoco Piano: 4 c3 Nf6, main lines with 5 d4 and 5 d3.} 7. Re1 Ba7 8. Nbd2 O-O 9. h3 h6 10. Nf1 Be6 11. Bb5 Ne7 12. Ng3 c6 13. Ba4 b5 14. Bc2 c5 15. d4 cxd4 $146 ({Predecessor:} 15... Qc7 16. Be3 Rac8 17. d5 Bd7 18. a4 c4 19. Nxe5 Bxe3 20. Rxe3 dxe5 21. d6 Qb6 22. dxe7 {½-½ Dominguez Perez,L (2752)-Fedoseev,V (2718) Hengshui IMSA rapid 2019 (3)}) 16. cxd4 Rc8 17. Be3 Nc6 18. d5 Bxe3 19. dxe6 Nd4 20. Bb3 Nxb3 21. Qxb3 Bc5 22. Nf5 a4 23. exf7+ Rxf7 24. Qxb5 Rb8 25. Qe2 Rb4 26. Ng3 Qb6 27. Rab1 g6 28. Qd2 Kg7 29. Re2 Nh7 30. Rc1 Rxf3 31. gxf3 Ng5 32. Qc3 Nxh3+ 33. Kf1 Nf4 34. Rd2 Ne6 35. Ne2 Qd8 36. Rd5 Qf6 37. Rcd1 Rb6 38. f4 h5 39. f5 Ng5 40. Rxc5 dxc5 41. Rd7+ Kh6 42. Qxc5 Nxe4 (42... Rxb2 $6 43. Rd6 Rb1+ 44. Kg2 $16) 43. Qe3+ Ng5 44. fxg6 Kxg6 45. Qd3+ e4 $1 46. Qd5 Re6 (46... h4 $5) 47. Nd4 e3 $1 48. f3 e2+ (48... Qxd4 $5 49. Qxd4 e2+ (49... Nxf3 50. Qg7+ Kf5 51. Rf7+ Ke4 52. Qh7+ Ke5 53. Rxf3 e2+ 54. Kxe2 Kd6+ 55. Kf1) 50. Kg2 e1=Q (50... e1=B 51. Qg7+ Kf5 52. Rd5+) 51. Qg7+ Kf5 52. Qf8+ Ke5 53. f4+ Ke4 54. fxg5 Qe3 $11) 49. Ke1 (49. Nxe2 $5 a3 50. b4 (50. bxa3 Qa1+ 51. Qd1 Qxd1+ 52. Rxd1 Re3 $11) 50... Qa1+ 51. Qd1 Qxd1+ 52. Rxd1 $15) 49... Re5 $2 (49... Qxd4 $11 50. Qxg5+ Kxg5 51. Rxd4 Rb6) 50. Qg8+ $18 Kh6 51. f4 (51. Nxe2 $2 Rxe2+ (51... Nxf3+ $2 52. Kd1 $19) 52. Kxe2 Qxf3+ 53. Kd2 Qg2+ 54. Kd3 Qh3+ (54... Qxb2 55. Rd6+) 55. Ke2 Qxd7 $19) 51... Nf7 52. Qf8+ (52. fxe5 $2 Qf1+ 53. Kd2 e1=Q+ 54. Kc2 Qc4#) (52. Nxe2 Rxe2+ (52... Qxf4 $2 53. Qxf7 Qxf7 54. Rxf7 $18) 53. Kd1 Rxb2 (53... Re1+ $2 54. Kd2 $19) 54. Qf8+ Kg6 55. f5+ Kg5 $19 (55... Kxf5 $2 56. Rxf7 Rb1+ 57. Kc2 $18) (55... Qxf5 $2 56. Qg8+ Kh6 57. Qf8+ Kg5 58. Qg7+ Kh4 59. Qd4+ Qg4+ 60. Kc1 $19)) 52... Kg6 53. Qg8+ (53. fxe5 $2 Qf1+ 54. Kd2 e1=Q+ 55. Kc2 Qc4#) (53. Nxe2 $2 Rxe2+ (53... Qxf4 $2 54. Qg8+ Kh6 55. Qxf7 $18) 54. Kxe2 Qe6+ (54... Qxb2+ $2 55. Rd2 $18) 55. Kf2 Qxd7 $19) (53. Qxf7+ Qxf7 54. Rxf7 Rd5 $15) (53. f5+ $142 Rxf5 54. Nxf5 Qxf5 55. Qg8+ Kh6 56. Qxf7 Qb1+ 57. Kxe2 Qxb2+ 58. Rd2 Qb5+ 59. Kf2) 53... Kh6 $18 {[%emt 0:00:04] [#]} 54. Nf3 $1 (54. fxe5 $2 Qf1+ 55. Kd2 e1=Q+ 56. Kc2 Qc4#) (54. Nxe2 $2 Rxe2+ (54... Qxf4 $2 55. Qxf7 Qxf7 56. Rxf7 $18) 55. Kxe2 Qe6+ (55... Qxb2+ $2 56. Rd2 $18) 56. Kf1 Qxd7 $19) (54. Qf8+ Kg6 55. f5+ (55. fxe5 $2 Qf1+ 56. Kd2 e1=Q+ 57. Kc2 Qc4#) (55. Nxe2 $2 Rxe2+ 56. Kxe2 Qe6+ 57. Kf2 Qxd7 $19) (55. Qg8+ Kh6 $18) (55. Qxf7+ Qxf7 56. Rxf7 Rd5 $11) 55... Kg5 56. Rxf7 Qb6 57. Qg7+ (57. Nxe2 Qg1+ 58. Kd2 Qe3+ 59. Kc2 Qxe2+ 60. Kc3 Qe1+ 61. Kc2 Qe4+ 62. Kc3 Qc6+ 63. Kd2 Rd5+ 64. Ke3 Qc1+ 65. Ke4 Qc4+ 66. Kf3 Rd3+ 67. Kg2 Qc2+ 68. Kh1 Rd1#) 57... Kf4 58. Nxe2+ (58. Ne6+ Kf3 $18) 58... Rxe2+ 59. Kxe2 Qe3+ 60. Kf1 Qc5) 54... Rc5 $2 (54... Rf5 55. Qf8+ Qg7 56. Qxg7+ Kxg7) 55. Qf8+ $18 Kg6 56. Qxc5 Qxf4 57. Qc2+ Kg7 58. Kxe2 a3 59. bxa3 h4 60. Rd4 (60. Qc3+ $142 Kh6 61. Rxf7 Qxf7 62. Qh8+ (62. Nxh4 Kh7 $18) 62... Qh7 63. Qxh7+ Kxh7 64. a4 (64. Nxh4 Kh6 65. a4 Kh5 66. a5 Kxh4 67. a6 Kg5 68. a7 Kh6) 64... h3 65. a5) 60... Qg3 61. Qf5 Qg2+ 62. Ke3 Qxa2 63. Rg4+ Kf8 64. Qc5+ Ke8 65. Re4+ Kd8 66. Qd4+ Kc8 67. Qc4+ 1-0